 Dungeon Crawl Stone Soup version 0.22-a0-223-g0f5d773 (webtiles) character file.

430 Amnesiac the Prestidigitator (level 6, -1/30 HPs)
             Began as a Spriggan Artificer on Feb 19, 2018.
             Slain by a big kobold
             ... wielding a +0 short sword
              (3 damage)
             ... on level 7 of the Dungeon.
             The game lasted 00:08:27 (2617 turns).

Amnesiac the Prestidigitator (Spriggan Artificer)   Turns: 2617, Time: 00:08:28

Health: -1/30      AC:  2    Str: 10    XL:     6   Next: 66%
Magic:  14/14      EV: 18    Int: 13    God:
Gold:   127        SH:  0    Dex: 16    Spells: 5/5 levels left

rFire    . . .     SeeInvis +   b - +0 hunting sling
rCold    . . .     Gourm    .   (shield restricted)
rNeg     . . .     Faith    .   t - +0 robe
rPois    .         Spirit   .   (helmet restricted)
rElec    .         Reflect  .   (no cloak)
rCorr    .         Harm     .   (gloves unavailable)
MR       +....                  (boots unavailable)
Stlth    ++........             (no amulet)
HPRegen  0.10/turn              p - ring of wizardry
MPRegen  0.14/turn              (no ring)

@: very quick
A: very small, unfitting armour, see invisible, herbivore, speed 3, slow
metabolism 2
a: no special abilities


You were on level 7 of the Dungeon.
You were not hungry.

You visited 1 branch of the dungeon, and saw 5 of its levels.

You collected 127 gold pieces.

Inventory:

Hand Weapons
 a - a +0 short sword
 b - a +0 hunting sling (weapon)
Missiles
 s - 5 needles of sleeping
 u - 33 sling bullets (quivered)
 x - 12 poisoned needles
Armour
 t - a +0 robe (worn)
Jewellery
 p - a ring of wizardry (left hand)
 w - an uncursed amulet of the acrobat {unknown}
Wands
 c - a wand of flame (6)
 d - a wand of enslavement (13)
Scrolls
 e - a scroll of fear {!r, unknown}
 i - a scroll of blinking {!r, unknown}
 j - 3 scrolls of enchant armour {!r, unknown}
 k - a scroll of remove curse {!r, unknown}
 l - 2 scrolls of teleportation {!r, unknown}
 m - a scroll of identify {!r, unknown}
 n - a scroll of amnesia {!r, unknown}
 v - a scroll of magic mapping {!r, unknown}
Potions
 g - a potion of might {!q, unknown}
 h - a potion of heal wounds {!q, unknown}
 o - a potion of degeneration {!q, unknown}
 q - a potion of lignification {!q, unknown}
 r - 2 potions of curing {!q, unknown}
Comestibles
 f - 5 rations


   Skills:
 - Level 1.0 Fighting
 - Level 2.0 Short Blades
 - Level 3.0 Dodging
 - Level 2.0 Stealth
 + Level 9.6 Evocations


You had 5 spell levels left.
You didn't know any spells.

Dungeon Overview and Level Annotations

Branches:
Dungeon (4/15)             Temple (0/1) D:7

Altars:
Nemelex Xobeh
Sif Muna
The Shining One

Annotations:
D:1 exclusion: door
D:7 2 runed doors


Innate Abilities, Weirdness & Mutations

You are very small and have problems with some larger weapons.
You are too small for most types of armour.
You have supernaturally acute eyesight. (SInv)
You are a herbivore.
You cover ground extremely quickly.
You need consume almost no food.


Message History

Found a pair of boots.
A killer bee comes into view.
A killer bee comes into view.
Found 11 gold pieces.
You see here 11 gold pieces.
Evoke which item? (* to show all) (? for menu, Esc to quit)
Aiming: Enslavement
Press: ? - help, Shift-Dir - straight line The killer bee is charmed.
The spriggan baker barely misses you.
Unknown command.
The killer bee completely misses your killer bee.
The killer bee barely misses your killer bee.
The spriggan baker hits you with a dagger.
* * * LOW HITPOINT WARNING * * *
The killer bee misses your killer bee.
Your killer bee stings the spriggan baker.
The killer bee barely misses your killer bee.
Evoke which item? (* to show all) (? for menu, Esc to quit)
Aiming: Throw Flame
Press: ? - help, Shift-Dir - straight line The puff of flame hits the spriggan baker.
The spriggan baker is severely wounded.
The killer bee completely misses your killer bee.
The spriggan baker hits you with a dagger!
* * * LOW HITPOINT WARNING * * *
A howler monkey comes into view.
The howler monkey moves out of view.
Your killer bee stings the spriggan baker.
Found a ring mail.
Unknown command.
The killer bee misses your killer bee.
The killer bee barely misses your killer bee.
A scorpion comes into view.
Your killer bee stings the spriggan baker!
The spriggan baker dies!
Your Evocations skill increases to level 9!
Your killer bee looks stronger.
Found a robe.
Your killer bee stings the killer bee.
Evoke which item? (* to show all) (? for menu, Esc to quit)
Aiming: Enslavement
Press: ? - help, Shift-Dir - straight line, f - killer bee
Aim: a killer bee (moderately wounded, chance to defeat MR: 78%)
The killer bee is charmed.
Unknown command.
A big kobold comes into view. It is wielding a short sword.
Your killer bee stings the scorpion!
Found a staircase to the Ecumenical Temple.
A bullfrog comes into view.
Your killer bee stings the scorpion.
The scorpion is poisoned.
Your killer bee poisons the scorpion!
The scorpion dies!
Your killer bee looks stronger.
A kobold comes into view.
It is wielding a short sword of protection. 2 gnolls and a gnoll sergeant come into view.
The gnoll sergeant is wielding a trident of venom.
The gnoll shouts!
You hear an angry hiss.
The kobold shouts!
The gnoll shouts!
You hear an angry hiss.
A kobold comes into view. It is wielding a short sword.
You hear a distant slurping noise.
There is a staircase to the Ecumenical Temple here.
Your killer bee stings the bullfrog!
The bullfrog closely misses you.
The big kobold hits you with a short sword.
You die...

#.. ...... ....... #..
......###....... #(#
................
#(##.#..g....g.....
####.'..+......g....
...(.##.#.........##
.....# #..........# .
...l.##.####+#.§.§.#....
.....##........§@K.K....
###l########y#.KF§.#....
...........#.#..y..# ##
......l....#.##...#..
#######....#.......... #
#....#............ +
+....#.......#+#.. #
#....#†......# #.
#######....#.......+


You could see a big kobold, a gnoll sergeant, a bullfrog, 2 gnolls, 2 kobolds
and 2 friendly killer bees.

Vanquished Creatures
  A howler monkey (D:7)
  2 hounds (D:4)
  2 orc priests
  An iguana (D:4)
  An orc wizard (D:4)
  A worker ant (D:3)
  2 worms
  3 leopard geckos
  9 orcs
  A giant cockroach (D:3)
  5 goblins
  6 hobgoblins
  4 jackals (D:3)
  4 kobolds (D:1)
  A quokka (D:4)
  6 bats
  2 frilled lizards
  2 rats (D:1)
53 creatures vanquished.

Vanquished Creatures (collateral kills)
  A spriggan (D:7)
  A scorpion (D:7)
2 creatures vanquished.

Grand Total: 55 creatures vanquished

Notes
Turn   | Place    | Note
-------+----------+-------------------------------------------
     0 | D:1      | Amnesiac the Spriggan Artificer began the quest for the Orb.
     0 | D:1      | Reached XP level 1. HP: 9/9 MP: 4/4
    41 | D:1      | Reached skill level 1 in Fighting
   202 | D:1      | Reached XP level 2. HP: 7/14 MP: 6/6
   655 | D:3      | Reached skill level 5 in Evocations
   655 | D:3      | Reached XP level 3. HP: 14/18 MP: 7/7
  1578 | D:3      | Reached skill level 6 in Evocations
  1578 | D:3      | Reached XP level 4. HP: 21/22 MP: 9/9
  1836 | D:4      | Reached skill level 7 in Evocations
  1883 | D:4      | Found a sparkling altar of Nemelex Xobeh.
  1895 | D:4      | Reached XP level 5. HP: 21/25 MP: 11/11
  2199 | D:4      | Found a deep blue altar of Sif Muna.
  2254 | D:4      | Reached skill level 8 in Evocations
  2453 | D:4      | You fall through a shaft for 3 floors!
  2453 | D:7      | Found a glowing golden altar of the Shining One.
  2485 | D:7      | Found a runed door.
  2498 | D:7      | Found a runed door.
  2516 | D:7      | Noticed a spriggan baker
  2529 | D:7      | Reached XP level 6. HP: 24/30 MP: 13/13
  2591 | D:7      | HP: 1/30 [spriggan baker/dagger (11)]
  2598 | D:7      | Killed a spriggan baker
  2598 | D:7      | Reached skill level 9 in Evocations
  2606 | D:7      | Found a staircase to the Ecumenical Temple.
  2617 | D:7      | Slain by a big kobold

Vault maps used:
D:1:      evilmike_arrival_run_for_it
D:2:      nicolae_overflow_hidden_temple
D:4:      nemelex_altar_shiori, led_sif_pool, first_ration
D:7:      lemuel_insect_pit, tso_metal_star, gammafunk_temple_overflow_pools,
          minitemple, minmay_temple_entry_purple_smoke, basic_altar, the_bakery,
          hangedman_decor_points

Skill      XL: |  1  2  3  4  5  6 |
---------------+-------------------+-----
Fighting       | 1 |  1.0
Short Blades   | 2 |  2.0
Stealth        | 2 |  2.0
Evocations     | 5 6 7 8 9 |  9.6
Dodging        | |  3.0

Action                   |  1- 3 |  4- 6 || total
-------------------------+-------+-------++-------
Melee: Short sword       |   129 |    18 ||   147
 Fire: Hunting sling     |       |    49 ||    49
Evoke: Wand              |     7 |    19 ||    26
 Stab: Sleeping          |     6 |       ||     6
Armor: Robe              |    10 |     4 ||    14
Dodge: Dodged            |   103 |    38 ||   141

Table legend:
 A = Spawn XP
 B = Non-spawn XP
 C = Spawn XP percentage of total XP
 D = Spawn monster count
 E = Non-spawn monster count
 F = Spawn count percentage of total count
 G = Total turns spent on level
                    A         B        C        D         E        F      G
               +---------+---------+-------+---------+---------+-------+---------
         Total |       0 |     615 |   0.0 |       0 |      55 |   0.0 |  2617
               +---------+---------+-------+---------+---------+-------+---------
           D:1 |       0 |      32 |   0.0 |       0 |      18 |   0.0 |   596
           D:3 |       0 |     112 |   0.0 |       0 |      19 |   0.0 |  1218
           D:4 |       0 |     232 |   0.0 |       0 |      15 |   0.0 |   625
           D:7 |       0 |     239 |   0.0 |       0 |       3 |   0.0 |   164
               +---------+---------+-------+---------+---------+-------+---------
